 Dungeon Crawl Stone Soup version 0.21.1-1-g345015f (webtiles) character file.

44 Goblin1989 the Cutter (level 3, -1/27 HPs)
             Began as a Demonspawn Skald on Feb 22, 2018.
             Slain by an adder (2 damage)
             ... on level 1 of the Dungeon.
             The game lasted 00:02:33 (1464 turns).

Goblin1989 the Cutter (Demonspawn Skald)            Turns: 1464, Time: 00:02:34

Health: -1/27      AC:  5    Str: 12    XL:     3   Next: 39%
Magic:  4/6        EV: 11    Int: 14    God:
Gold:   35         SH:  0    Dex: 12    Spells: 5/6 levels left

rFire    . . .     SeeInvis .   a - +0 short sword
rCold    . . .     Gourm    .   (no shield)
rNeg     . . .     Faith    .   b - +0 leather armour
rPois    .         Spirit   .   (no helmet)
rElec    .         Reflect  .   (no cloak)
rCorr    .         Harm     .   (no gloves)
MR       .....                  (no boots)
Stlth    +.........             (no amulet)
HPRegen  0.09/turn              (no ring)
MPRegen  0.10/turn              (no ring)

@: lethally poisoned (-1 -> -2)
A: slimy green scales 1
a: no special abilities


You were on level 1 of the Dungeon.
You were not hungry.

You visited 1 branch of the dungeon, and saw 2 of its levels.

You collected 35 gold pieces.

Inventory:

Hand Weapons
 a - a +0 short sword (weapon)
Armour
 b - a +0 leather armour (worn)
 h - a +2 pair of boots
Scrolls
 g - a scroll of identify {unknown}
Books
 c - a book of Battle

   Spells                             Type                      Level
   a - Infusion                       Charms                       1
   b - Shroud of Golubria             Charms/Translocation         2
   c - Song of Slaying                Charms                       2
   d - Spectral Weapon                Hexes/Charms                 3
   e - Regeneration                   Charms/Necromancy            3
Comestibles
 e - 2 rations
 i - 2 chunks of flesh


   Skills:
 - Level 2.0 Fighting
 + Level 3.5 Short Blades
 - Level 0.8 Armour
 - Level 1.7 Dodging
 - Level 2.0 Spellcasting
 - Level 2.6 Charms


You had 5 spell levels left.
You knew the following spells:

 Your Spells              Type           Power        Failure   Level  Hunger
a - Infusion              Chrm           #...         10%         1    ##.....


Dungeon Overview and Level Annotations

Branches:
Dungeon (2/15)

Altars:
Qazlal


Innate Abilities, Weirdness & Mutations

You are partially covered in slimy green scales. (AC +2)


Message History

You hit the adder.
The adder is moderately wounded.
The adder closely misses you.
You now have 4/6 mp.
You miss the adder.
The adder is moderately wounded.
The adder bites you.
You take 4 damage, and have 23/27 hp.
You barely miss the adder.
The adder is moderately wounded.
The adder misses you.
You miss the adder.
The adder is moderately wounded.
The adder bites you. x2
You take 6 damage, and have 17/27 hp.
MASSIVE DAMAGE!!
You barely miss the adder.
The adder is moderately wounded.
The adder bites you but does no damage.
You miss the adder.
The adder is moderately wounded.
The adder bites you.
* * * LOW HITPOINT WARNING * * *
You are poisoned.
The adder poisons you!
You are too injured to fight recklessly!
You take 5 damage, and have 12/27 hp.
You are too injured to fight recklessly!
You are too injured to fight recklessly!
You are too injured to fight recklessly!
You are too injured to fight recklessly!
You are too injured to fight recklessly!
You are too injured to fight recklessly!
You are too injured to fight recklessly!
You are too injured to fight recklessly!
You are too injured to fight recklessly!
You are too injured to fight recklessly!
You are too injured to fight recklessly!
You are too injured to fight recklessly!
You are too injured to fight recklessly!
You are too injured to fight recklessly!
Unknown command.
You hit the adder!
The adder is almost dead.
You feel sick. The adder barely misses you.
You take 1 damage, and have 11/27 hp.
You now have 3/6 mp.
You miss the adder.
The adder is almost dead.
The adder bites you.
* * * LOW HITPOINT WARNING * * *
You take 4 damage, and have 7/27 hp.
You closely miss the adder.
The adder is almost dead.
You feel sick. The adder bites you.
* * * LOW HITPOINT WARNING * * *
The adder closely misses you.
You take 3 damage, and have 4/27 hp.
Unknown command.
You completely miss the adder.
The adder is almost dead.
The adder bites you.
* * * LOW HITPOINT WARNING * * *
You take 1 damage, and have 3/27 hp.
Unknown command.
You miss the adder.
The adder is almost dead.
Your magical infusion is running out.
The adder closely misses you.
Unknown command.
You aren't carrying any potions.
You barely miss the adder.
The adder is almost dead.
The adder barely misses you.
You closely miss the adder.
The adder is almost dead.
* * * LOW HITPOINT WARNING * * *
You feel sick. The adder barely misses you. x2
You take 1 damage, and have 2/27 hp.
You miss the adder.
The adder is almost dead.
The adder closely misses you.
You miss the adder.
The adder is almost dead.
The adder barely misses you.
You closely miss the adder.
The adder is almost dead.
The adder misses you.
You barely miss the adder.
The adder is almost dead.
* * * LOW HITPOINT WARNING * * *
You feel sick. The adder misses you.
You take 1 damage, and have 1/27 hp.
Unknown command.
You closely miss the adder.
The adder is almost dead.
You are no longer magically infusing your attacks.
The adder closely misses you. The adder barely misses you.
You barely miss the adder.
The adder is almost dead.
The adder bites you.
You die... ............█..█.█ ███.........█..█.█ ███████████..█.█ ██████████████.█.█ ............██...█ ███████████.██...█ █.██...█ ██████

█.██.S.████████████ .....█
█.██.█@...........█
████.██████[██.████████████.█
█........██.█ █.█
█..████..██.█ █.█
█..█.....██.█ █.█
█..█.██.███.█ █.█ █.÷█.██.█
█.█ █.█ █..█.██.█ █.█ █.█
█..█....█ █.█ █.█


You could see an adder.

Vanquished Creatures
  2 dart slugs (D:1)
  2 leopard geckos (D:2)
  2 bats (D:1)
  5 giant cockroaches
  3 goblins (D:1)
  2 hobgoblins (D:1)
  7 jackals
  2 kobolds
  A ball python (D:2)
  3 frilled lizards (D:1)
  5 rats
34 creatures vanquished.

Notes
Turn   | Place    | Note
-------+----------+-------------------------------------------
     0 | D:1      | Goblin1989 the Demonspawn Skald began the quest for the Orb.
     0 | D:1      | Reached XP level 1. HP: 16/16 MP: 3/3
    33 | D:1      | Reached skill level 2 in Short Blades
   148 | D:1      | Gained mutation: You are partially covered in slimy green scales. (AC +2) [demonic ancestry]
   148 | D:1      | Reached XP level 2. HP: 22/22 MP: 5/5
   340 | D:1      | Reached skill level 3 in Short Blades
   530 | D:1      | Reached XP level 3. HP: 27/27 MP: 6/6
  1392 | D:2      | Found a stormy altar of Qazlal.
  1462 | D:1      | HP: 1/27 [poisoned by an adder]
  1464 | D:1      | Slain by an adder

Skill      XL: |  1  2 |
---------------+-------+-----
Short Blades   | 2 3 |  3.5
Fighting       | |  2.0
Armour         | |  0.8
Dodging        | |  1.7
Spellcasting   | |  2.0
Charms         | |  2.6

Action                   || total
-------------------------++-------
Melee: Short sword       ||   145
 Cast: Infusion          ||     1
 Stab: Sleeping          ||     1
  Eat: Chunk             ||     2
Armor: Leather armour    ||    49
Dodge: Dodged            ||    96

Vault maps used:
D:1:      nicolae_arrival_washed_ashore
D:2:      grunt_qazlal_sundering, uniq_natasha
